 Dungeon Crawl Stone Soup version 0.27.0-1-g7a089689b8 (webtiles) character file.

Game seed: 4043564356523385085

81013 gimp the Thaumaturge (level 15, 0/71 HPs)
             Began as a Vine Stalker Venom Mage on Aug 8, 2021.
             Was the Champion of Kikubaaqudgha.
             Slain by a spriggan defender simulacrum (12 damage)
             ... in an ice cave.
             The game lasted 01:37:51 (32392 turns).

gimp the Thaumaturge (Vine Stalker Venom Mage)     Turns: 32392, Time: 01:37:52

Health: 0/71       AC: 15    Str: 12    XL:     15   Next: 68%
Magic:  0/31       EV: 15    Int: 20    God:    Kikubaaqudgha [******]
Gold:   736        SH:  5    Dex: 15    Spells: 6/37 levels left

rFire    + . .     SeeInvis .   a - +4 dagger
rCold    + . .     Faith    .   q - +0 buckler {rC+}
rNeg     . . .     Spirit   +   W - +0 swamp dragon scales
rPois    +         Reflect  .   p - +1 hat
rElec    +         Harm     .   c - +1 cloak
rCorr    .         Rampage  .   T - +2 pair of gloves
Will     +....                  x - +1 pair of boots
Stlth    +++.......             u - amulet of the Air {Inacc Air Fly rElec RMsl}
HPRegen  1.21/turn              M - +4 ring of slaying
MPRegen  0.22/turn              n - ring of protection from fire

@: flying, hasted, repel missiles, very quick
A: fangs 3, regeneration 1, magic shield, antimagic bite, no potion heal 2
a: Renounce Religion, Receive Corpses, Torment, Brand Weapon With Pain, Receive
Forbidden Knowledge


You were in an ice cave.
You worshipped Kikubaaqudgha.
Kikubaaqudgha was exalted by your worship.
You visited 4 branches of the dungeon, and saw 24 of its levels.
You also visited: Ice Cave.

You collected 1523 gold pieces.
You spent 787 gold pieces at shops.

Inventory:

Hand Weapons
 a - a +4 dagger (weapon)
 b - a +3 dagger of electrocution
Missiles
 s - 4 throwing nets
Armour
 c - a +1 cloak (worn)
 p - a +1 hat (worn)
 q - a +0 buckler of cold resistance (worn)
 x - a +1 pair of boots (worn)
 T - a +2 pair of gloves (worn)
 V - a +1 buckler of protection
 W - +0 swamp dragon scales (worn)
Magical Staves
 D - a staff of earth
 O - a staff of cold
Jewellery
 l - a ring of poison resistance
 n - a ring of protection from fire (right hand)
 u - the amulet of the Air (around neck) {Inacc Air Fly rElec RMsl}
   (You found it on level 5 of the Dungeon)

   [amulet of nothing]

   It reduces the accuracy of all your attacks.
   It enhances your air magic.
   rElec:     It insulates you from electricity.
   Fly:       It grants you flight.
   RMsl:      It protects you from missiles.
 M - a +4 ring of slaying (left hand)
 N - an amulet of regeneration
 P - a ring of protection from fire
Wands
 d - a wand of iceblast (7)
 g - a wand of acid (9)
 r - a wand of mindburst (20)
 v - a wand of polymorph (4)
 z - a wand of flame (69)
 L - a wand of paralysis (16)
Scrolls
 e - 3 scrolls of vulnerability
 j - 3 scrolls of summoning
 o - 3 scrolls of enchant armour
 w - a scroll of magic mapping
 y - 7 scrolls of teleportation
 B - 4 scrolls of amnesia
 E - 4 scrolls of enchant weapon
 G - 3 scrolls of fog
 I - a scroll of brand weapon
 Q - 4 scrolls of identify
Potions
 f - 2 potions of invisibility
 h - 4 potions of mutation
 i - 9 potions of curing
 k - a potion of resistance
 m - 11 potions of brilliance
 t - 2 potions of cancellation
 A - 6 potions of lignification
 C - a potion of haste
 H - 7 potions of flight
 J - 3 potions of might
Miscellaneous
 K - a phial of floods


   Skills:
 + Level 4.9 Fighting
 - Level 5.0(6.1) Short Blades
 - Level 5.4(6.3) Long Blades
 - Level 11.0 Dodging
 - Level 8.0 Stealth
 - Level 4.0 Shields
 + Level 11.7 Spellcasting
 - Level 8.0 Conjurations
 - Level 10.0 Necromancy
 - Level 1.0 Transmutations
 - Level 2.0 Air Magic
 - Level 8.0 Earth Magic
 - Level 7.0 Poison Magic
 + Level 7.0 Evocations


You had 6 spell levels left.
You knew the following spells:

 Your Spells              Type           Power      Damage    Failure   Level
a - Sting                 Tmut/Pois      100%       1d8       2%          1
b - Dispel Undead         Necr           51%        3d19      2%          4
c - Mephitic Cloud        Conj/Pois/Air  51%        N/A       3%          3
d - Vampiric Draining     Necr           25%        2d9       1%          3
e - Shock                 Conj/Air       100%       1d9       1%          1
f - Borgnjor's Vile Clut  Necr/Erth      23%        N/A       9%          5
g - Animate Dead          Necr           25%        N/A       2%          4
h - Excruciating Wounds   Necr           25%        N/A       6%          5
i - Irradiate             Conj/Tmut      14%        3d18      50%         5

Your spell library contained the following spells:

 Spells                   Type           Power      Damage    Failure   Level
 Pain                     Necr           100%       1d9       1%          1
 Corpse Rot               Necr/Air       N/A        N/A       1%          2
 Sublimation of Blood     Necr           25%        N/A       1%          2
 Foxfire                  Conj/Fire      100%       2x1d9     2%          1
 Passwall                 Tmut/Erth      24%        N/A       3%          2
 Poisonous Vapours        Pois/Air       88%        N/A       3%          2
 Agony                    Necr           51%        N/A       6%          5
 Conjure Flame            Conj/Fire      27%        6-21      8%          3
 Olgreb's Toxic Radiance  Pois           39%        N/A       8%          4
 Ignite Poison            Fire/Tmut/Pois 22%        N/A       13%         3
 Iskenderun's Battlesphe  Conj           43%        2d9       14%         5
 Swiftness                Air            29%        N/A       17%         3
 Slow                     Hex            11%        N/A       21%         2
 Leda's Liquefaction      Hex/Erth       13%        N/A       26%         4
 Sticky Flame             Conj/Fire      27%        2d5       26%         4
 Death Channel            Necr           25%        N/A       32%         6
 Call Canine Familiar     Summ           11%        N/A       36%         3
 Confusing Touch          Hex            11%        N/A       36%         3
 Gell's Gravitas          Tloc           5%         N/A       36%         3
 Inner Flame              Hex/Fire       11%        N/A       36%         3
 Lesser Beckoning         Tloc           5%         N/A       36%         3
 Ozocubu's Armour         Ice            11%        N/A       36%         3
 Portal Projectile        Hex/Tloc       22%        N/A       36%         3
 Teleport Other           Tloc           11%        N/A       36%         3
 Airstrike                Air            14%        N/A       50%         4
 Fireball                 Conj/Fire      13%        3d7       56%         5
 Blade Hands              Tmut           7%         N/A       94%         5
 Conjure Ball Lightning   Conj/Air       23%        3x3d6     95%         6
 Simulacrum               Ice/Necr       15%        N/A       95%         6
 Yara's Violent Unravell  Hex/Tmut       6%         3d5       96%         5
 Metabolic Englaciation   Hex/Ice        5%         N/A       98%         5
 Invisibility             Hex            5%         N/A       100%        6
 Orb of Destruction       Conj           21%        9d9       99%         7
 Dragon Form              Tmut           7%         N/A       100%        7
 Discord                  Hex            5%         N/A       100%        8
 Disjunction              Tloc           5%         N/A       100%        8


Dungeon Overview and Level Annotations

Branches:
Dungeon (15/15)            Temple (0/1) D:4            Lair (6/6) D:10
  Swamp (1/4) Lair:4        Snake (0/4) Lair:4        Slime (0/5) Lair:5
    Orc (2/2) D:11         Vaults (0/5) D:13         Depths (0/5) D:15
  IceCv (1/1)
    Elf: Orc:2

Altars:
Ashenzari
Dithmenos
Elyvilon
Fedhas
Gozag
Kikubaaqudgha
Sif Muna
Vehumet
Xom
The Shining One
Beogh
Jiyva

Shops:
D:13 [   D:14 *

Annotations:
D:4 3 runed translucent doors, Grinder; Strat's ghost, amateur DDGl
D:6 exclusion: acid dragon
D:8 1 runed translucent door, x13thangelx's ghost, novice DsCK
Orc:2 Donald


Innate Abilities, Weirdness & Mutations

You have razor-sharp teeth.
Your natural rate of healing is unusually fast.
When hurt, damage is shared between your health and your magic reserves.
Your bite disrupts and absorbs the magic of your enemies.
Potions cannot restore your health.


Message History

Kikubaaqudgha accepts your kill.
You now have 1/31 mp.
The spriggan defender simulacrum hits you but does no damage.
The anaconda simulacrum barely misses you.
The anaconda simulacrum bites you. The anaconda simulacrum freezes you!
You resist.
* * * LOW HITPOINT WARNING * * *
You take 15 damage, and have 12/71 hp.
MASSIVE DAMAGE!!
Okay, then.
Unknown command.
Okay, then.
Unknown command.
The spriggan defender simulacrum hits you but does no damage.
You regained 2 hp, and now have 14/71 hp.
The spriggan defender simulacrum hits you but does no damage.
The anaconda simulacrum constricts you but does no damage.
The anaconda simulacrum bites you but does no damage.
The spriggan defender simulacrum misses you.
Okay, then.
The spriggan defender simulacrum barely misses you.
The anaconda simulacrum barely misses you.
The anaconda simulacrum bites you but does no damage.
The anaconda simulacrum constricts you but does no damage.
The anaconda simulacrum bites you!
* * * LOW HITPOINT WARNING * * *
The anaconda simulacrum freezes you. You resist.
* * * LOW HITPOINT WARNING * * *
You take 13 damage, and have 4/71 hp.
You now have 0/31 mp.
You feel yourself speed up. The anaconda simulacrum misses you.
The anaconda simulacrum bites you but does no damage.
You regained 2 hp, and now have 6/71 hp.
The anaconda simulacrum constricts you but does no damage.
The anaconda simulacrum bites you but does no damage.
The anaconda simulacrum closely misses you. x2
The spriggan defender simulacrum hits you.
* * * LOW HITPOINT WARNING * * *
The spriggan defender simulacrum freezes you!
You resist.
You die...
Kikubaaqudgha rasps: "You have failed me!
Welcome... death!"

##### ##...### ######
#......## ##....####
#..##.@.## ##.#.##...#
#...##.Z.####.#.#####..
##..####.Z.####...# ##.
#...####...##...## ##
#....# #..##...## #
#∩..####..###..# ##
##..∩##..####Z.# #.
#####.....#..## #..#
##.#....## #...#


You could see an anaconda simulacrum and a spriggan defender simulacrum.

Vanquished Creatures
  Gastronok (D:7)
  Kirke (Lair:6)
  An orc warlord (Orc:1)
  Nessos (Lair:4)
  An ettin (D:15)
  Harold (D:9)
  6 hydras
  A boulder beetle (Lair:5)
  2 catoblepae
  5 centaur warriors
  A death knight (D:15)
  4 tengu warriors
  2 two-headed ogres
  9 death yaks
  Urug (D:13)
  Pikel (D:9)
  An obsidian statue (IceCv)
  A necromancer (D:15)
  A lindwurm (Lair:5)
  3 orc sorcerers
  3 orc knights
  A cyclops (D:14)
  15 ugly things
  4 centaur zombies
  2 manticores (D:15)
  Joseph (D:8)
  3 elephants (Lair:4)
  6 black mambas
  2 gargoyles (D:12)
  2 unseen horrors
  12 cane toads
  Psyche (D:11)
  2 kobold demonologists (D:10)
  An efreet (D:14)
  11 komodo dragons
  3 rime drakes
  4 tengu conjurers
  5 freezing wraiths
  3 entropy weaver simulacra (IceCv)
  3 trolls
  2 ice devils (IceCv)
  Prince Ribbit (D:8)
  A polar bear (Lair:3)
  2 jumping spiders (shapeshifter)
  A slime creature (D:15)
  A hornet (Lair:3)
  20 blink frogs
  7 dream sheep (Lair:5)
  A tyrant leech (Swamp:1)
  A shadow (D:13)
  5 wyverns
  3 wraiths
  2 spriggan simulacra (IceCv)
  4 basilisks
  2 hogs (Lair:6)
  28 yaks
  2 vampires
  16 humans (D:13)
  2 steam dragons
  2 minotaur simulacra (IceCv)
  6 vampire mosquitoes
  A warg (D:11)
  5 nagas (Lair:4)
  An acid dragon (D:14)
  16 water moccasins
  A sky beast (D:5)
  6 black bears (D:10)
  5 ice beasts
  10 orc warriors
  23 wolves
  4 ogres
  11 centaurs
  2 lemures (D:9)
  A kobold brigand (D:11)
  10 bullfrogs
  A deep troll simulacrum (IceCv)
  2 scorpions
  A wyvern zombie (D:8)
  A water moccasin skeleton (D:4)
  A lindwurm simulacrum (IceCv)
  2 small abominations (Lair:6)
  8 killer bees
  10 wights
  3 howler monkeys
  8 electric eels
  A jelly (D:4)
  4 bullfrog skeletons (D:6)
  3 hounds
  A gnoll shaman (D:4)
  13 orc priests
  An iguana (D:4)
  Ijyb (D:5)
  11 orc wizards
  A killer bee zombie (D:5)
  A howler monkey zombie (D:6)
  5 gnolls
  3 adders
  3 white imps (D:6)
  2 ufetubi
  A dart slug (D:1)
  46 orcs
  3 ball pythons
  4 bats
  An endoplasm (D:3)
  A giant cockroach (D:2)
  7 goblins
  3 hobgoblins
  A jackal (D:2)
  5 quokkas
  8 kobolds
  A rat (D:3)
501 creatures vanquished.

Vanquished Creatures (others)
  An orc priest (Orc:1)
  2 orcs
  290 foxfires
  81 fungi
  65 plants
439 creatures vanquished.

Grand Total: 940 creatures vanquished

Notes
Turn   | Place    | Note
-------+----------+-------------------------------------------
     0 | D:1      | gimp the Vine Stalker Venom Mage began the quest for the
                  | Orb.
     0 | D:1      | Reached XP level 1. HP: 9/9 MP: 4/4
   259 | D:1      | Reached XP level 2. HP: 13/13 MP: 0/6
  1018 | D:2      | Reached XP level 3. HP: 15/16 MP: 4/8
  1946 | D:3      | Found a glowing golden altar of the Shining One.
  1946 | D:3      | Found a shadowy altar of Dithmenos.
  1950 | D:3      | Found a broken altar of Ashenzari.
  2047 | D:3      | Found a blossoming altar of Fedhas.
  2151 | D:3      | Found an ancient bone altar of Kikubaaqudgha.
  2161 | D:3      | Became a worshipper of Kikubaaqudgha
  2659 | D:4      | Gained mutation: Your natural rate of healing is unusually
                  | fast. [Vine Stalker growth]
  2659 | D:4      | Reached XP level 4. HP: 21/21 MP: 3/10
  2661 | D:4      | Learned a level 1 spell: Foxfire
  2747 | D:4      | Identified the +0 robe "Zorghoxik" {Int+2}
  2788 | D:4      | Found a runed translucent gate.
  2789 | D:4      | Found a runed translucent gate.
  2839 | D:4      | Noticed a phantom
  3012 | D:4      | Found a staircase to the Ecumenical Temple.
  3053 | D:4      | Reached skill level 1 in Short Blades
  3053 | D:4      | Reached XP level 5. HP: 24/24 MP: 6/11
  3207 | D:4      | Found a runed translucent gate.
  3211 | D:4      | Noticed Strat's ghost (amateur DDGl)
  3216 | D:4      | Identified the +4 plate armour of Servitude {rC+}
  3216 | D:4      | Noticed an orc warrior
  3435 | D:4      | Noticed Grinder
  3464 | D:5      | Entered Level 5 of the Dungeon
  3492 | D:4      | Reached XP level 6. HP: 19/28 MP: 3/13
  3662 | D:4      | Reached skill level 5 in Poison Magic
  4060 | D:5      | Noticed a sky beast
  4061 | D:5      | Found the amulet of the Air {Inacc Air Fly rElec RMsl}
  4061 | D:5      | Found a radiant altar of Vehumet.
  4084 | D:5      | Killed a sky beast
  4085 | D:5      | Reached skill level 5 in Spellcasting
  4085 | D:5      | Reached XP level 7. HP: 32/32 MP: 12/15
  4142 | D:5      | Noticed Ijyb
  4151 | D:5      | Killed Ijyb
  4558 | D:5      | You fall into a shaft and drop 3 floors!
  4626 | D:8      | Learned a level 3 spell: Mephitic Cloud
  4722 | D:8      | Noticed Joseph
  5079 | D:6      | Reached * piety under Kikubaaqudgha
  5079 | D:6      | Received a gift from Kikubaaqudgha
  5084 | D:6      | Learned a level 3 spell: Vampiric Draining
  5191 | D:6      | Reached skill level 1 in Conjurations
  5191 | D:6      | Reached skill level 1 in Air Magic
  5191 | D:6      | Gained mutation: You have razor-sharp teeth. [Vine Stalker
                  | growth]
  5191 | D:6      | Reached XP level 8. HP: 36/36 MP: 15/18
  5280 | D:6      | Found a white marble altar of Elyvilon.
  5854 | D:5      | Reached skill level 1 in Necromancy
  6788 | D:6      | Found a shimmering altar of Xom.
  6974 | D:7      | Noticed a wyvern
  6993 | D:7      | Killed a wyvern
  6994 | D:7      | Reached XP level 9. HP: 14/39 MP: 7/19
  7141 | D:7      | Reached skill level 5 in Short Blades
  7549 | D:7      | Reached skill level 5 in Necromancy
  8393 | D:8      | Found a shimmering blue altar of Sif Muna.
  8415 | D:8      | Found a runed translucent door.
  8416 | D:8      | Noticed x13thangelx's ghost (novice DsCK)
  8425 | D:8      | Noticed Prince Ribbit
  8450 | D:8      | Killed Prince Ribbit
  8673 | D:8      | Noticed Gastronok
  8727 | D:7      | Killed Gastronok
  8728 | D:7      | Reached skill level 5 in Stealth
  8728 | D:7      | Reached XP level 10. HP: 44/44 MP: 5/21
  8993 | D:7      | Reached ** piety under Kikubaaqudgha
  9148 | D:8      | Killed Joseph
  9531 | D:7      | Learned a level 1 spell: Shock
  9808 | D:8      | HP: 1/44 [wyvern (5)]
 10575 | D:9      | Found an opulent altar of Gozag.
 10640 | D:9      | Noticed Pikel
 10664 | D:9      | Killed Pikel
 10665 | D:9      | Reached skill level 10 in Necromancy
 11240 | D:9      | Noticed Harold
 11262 | D:9      | Killed Harold
 11263 | D:9      | Reached XP level 11. HP: 44/47 MP: 10/24
 12159 | D:10     | Entered Level 10 of the Dungeon
 12553 | D:10     | Found a staircase to the Lair.
 12562 | D:10     | Reached skill level 1 in Long Blades
 12567 | D:10     | Noticed a two-headed ogre
 12600 | D:10     | Killed a two-headed ogre
 13613 | D:11     | Noticed Psyche
 13635 | D:11     | Killed Psyche
 14023 | D:11     | Reached *** piety under Kikubaaqudgha
 14023 | D:11     | Received a gift from Kikubaaqudgha
 14029 | D:11     | Learned a level 4 spell: Dispel Undead
 14035 | D:11     | Learned a level 5 spell: Borgnjor's Vile Clutch
 14528 | D:11     | Found a staircase to the Orcish Mines.
 14718 | D:11     | Reached skill level 1 in Earth Magic
 14718 | D:11     | Reached XP level 12. HP: 51/51 MP: 26/26
 15019 | Lair:1   | Entered Level 1 of the Lair of Beasts
 15025 | Lair:1   | Learned a level 4 spell: Animate Dead
 15070 | D:10     | Reached skill level 5 in Long Blades
 15190 | Lair:1   | Learned a level 5 spell: Excruciating Wounds
 15318 | Lair:1   | Noticed a seven-headed hydra
 15338 | Lair:1   | Killed a seven-headed hydra
 16537 | Lair:2   | Identified the +5 chain mail of Plog {Str+6 SInv}
 16869 | Lair:2   | Identified the +2 plate armour of Jyorhaigh {Harm *Corrode
                  | Int-4 Dex+8}
 16945 | Lair:2   | Noticed a four-headed hydra
 16966 | Lair:2   | Killed a four-headed hydra
 17897 | Lair:3   | Reached skill level 5 in Conjurations
 17897 | Lair:3   | Reached skill level 5 in Earth Magic
 18115 | Lair:3   | Noticed a seven-headed hydra
 18162 | Lair:3   | Killed a seven-headed hydra
 18163 | Lair:3   | Reached skill level 5 in Dodging
 18167 | Lair:3   | Reached **** piety under Kikubaaqudgha
 18307 | Lair:3   | Noticed a death yak
 18314 | Lair:3   | Noticed a death yak
 18315 | Lair:3   | Noticed a death yak
 18317 | Lair:3   | Noticed a death yak
 18372 | Lair:3   | Killed a death yak
 18484 | Lair:3   | Noticed a death yak
 18484 | Lair:3   | Noticed a death yak
 18519 | Lair:3   | Killed a death yak
 18528 | Lair:3   | Killed a death yak
 18529 | Lair:3   | Reached XP level 13. HP: 55/55 MP: 22/27
 19028 | Lair:4   | Found a staircase to the Swamp.
 19633 | Lair:4   | Found a staircase to the Snake Pit.
 20258 | Lair:4   | Noticed Nessos
 20272 | Lair:4   | Killed Nessos
 21717 | Lair:5   | Found a staircase to the Slime Pits.
 21717 | Lair:5   | Found a viscous altar of Jiyva.
 22766 | Lair:5   | Reached ***** piety under Kikubaaqudgha
 23008 | Lair:5   | Reached XP level 14. HP: 46/59 MP: 19/28
 23355 | Lair:5   | Learned a level 5 spell: Irradiate
 23377 | Lair:6   | Entered Level 6 of the Lair of Beasts
 23586 | Lair:6   | Reached skill level 1 in Evocations
 24053 | Lair:6   | Noticed Kirke
 24075 | Lair:6   | Killed Kirke
 24837 | Orc:1    | Entered Level 1 of the Orcish Mines
 24938 | Orc:1    | Noticed an orc warlord
 24941 | Orc:1    | Reached skill level 10 in Dodging
 25551 | D:12     | Reached skill level 10 in Spellcasting
 27002 | D:13     | Found Xupty's Antique Armour Emporium.
 27019 | D:13     | Bought a troll leather armour for 480 gold pieces
 27019 | D:13     | Bought a glowing scarf for 256 gold pieces
 27251 | D:13     | Noticed Urug
 27266 | D:13     | Killed Urug
 27303 | D:13     | Reached ****** piety under Kikubaaqudgha
 27313 | D:13     | Reached XP level 15. HP: 63/63 MP: 28/30
 27322 | D:13     | Found a gate to the Vaults.
 27797 | D:14     | Reached skill level 1 in Fighting
 27803 | D:14     | Reached skill level 5 in Evocations
 28450 | D:14     | Found Zatebb's General Store.
 28459 | D:14     | Bought a potion of curing for 51 gold pieces
 28760 | D:14     | Identified the +4 war axe of the People {vorpal, Will+}
 29446 | D:15     | Entered Level 15 of the Dungeon
 30311 | D:15     | Found a staircase to the Depths.
 30884 | Orc:1    | Killed an orc warlord
 31398 | Orc:2    | Entered Level 2 of the Orcish Mines
 31401 | Orc:2    | Noticed Donald
 31604 | Swamp:1  | Entered Level 1 of the Swamp
 31619 | Swamp:1  | Found a frozen archway.
 31732 | IceCv    | Entered an ice cave
 31773 | IceCv    | HP: 3/70 [freezing wraith (22)]
 32392 | IceCv    | Slain by a spriggan defender simulacrum

Illustrated notes

Levels and vault maps discovered:
D:1:      heliophobic_arrival_battle_scene, layout_basic, skrybe_limestone_x,
          chequers_big_river
D:2:      layout_basic, minmay_hexomino_u4
D:3:      layout_basic, fedhas_altar_2, grunt_temple_overflow_open
D:4:      layout_cave_pools, kennysheep_mini, temple_green,
          biasface_ghost_orc_armoury, minivault_11, uniq_grinder
D:5:      layout_loops_ring, mainiacjoe_overflow_chevrons, st_stairs_14,
          minmay_misc_feat_encased, chequers_serial_rivers_micro_c, uniq_ijyb
D:6:      layout_basic, minitemple
D:7:      layout_rooms, minmay_misc_feat_secret_circle,
          kennysheep_generic_room_7
D:8:      layout_loops_ring, led_sif_book, gammafunk_ghost_grave, uniq_joseph,
          uniq_prince_ribbit1, uniq_gastronok
D:9:      minmay_recursive_quarters, layout_loops_corners,
          mainiacjoe_overflow_cross_hatched, minmay_misc_feat_five,
          serial_bayou_pond_d, uniq_harold, uniq_pikel
D:10:     layout_rooms, due_lair_maze_entry_diamond, grunt_decor_resistance
D:11:     layout_cross, erik_orc_2, minmay_misc_feat_room, uniq_psyche
D:12:     layout_irregular_city
D:13:     erik_rubicon_b, layout_loops_corners, david_vaults_3, serial_shops,
          shop, uniq_urug
D:14:     layout_layer_cave, hex_medium, serial_shops, nicolae_shop_behind_doors
D:15:     hangedman_depths_entry_civil_slaughter, layout_long_grid,
          statue_in_the_mist_lemuel, minmay_bent
Lair:1:   layout_chaotic_city
Lair:2:   layout_cave_pods, lemuel_fruit_fields, serial_bayou_shore_a
Lair:3:   layout_roguey, grunt_megastairs_3, lemuel_fruit_fields
Lair:4:   layout_small_grid, swamp_mist_pool,
          minmay_snake_entry_guardpost_large, uniq_nessos
Lair:5:   cheibrodos_lair_river_kwai, layout_gridlike, slime_altar_1,
          chequers_serial_rivers_small_b, grunt_megastairs_4,
          infiniplex_staircase_pool
Lair:6:   hellmonk_lair_end_abyssal_woods, layout_gridlike, uniq_kirke
Swamp:1:  layout_basic_swamp, portal_ice_cave_entry_frozen_things,
          hangedman_swamp_pad
Orc:1:    layout_caves, basic_altar, nicolae_orc_stony_grotto,
          elves_outpost_lemuel, uniq_maurice
Orc:2:    st_orc_town, layout_caves, serial_shops, shop_coins,
          minmay_orc_temple_c, uniq_donald
IceCv:    ice_cave_caverns_03

Skill      XL: |  1  2  3  4  5  6  7  8  9 10 11 12 13 14 15 |
---------------+----------------------------------------------+-----
Spellcasting   | 3 4 5 6 8 9 10 11 | 11.7
Poison Magic   | 4 5 6 7 |  7.0
Short Blades   | 1 2 3 4 5 |  5.0
Conjurations   | 1 2 4 5 8 |  8.0
Air Magic      | 1 2 |  2.0
Necromancy     | 3 8 10 | 10.0
Stealth        | 5 7 8 |  8.0
Shields        | 2 4 |  4.0
Long Blades    | 4 5 |  5.4
Dodging        | 2 5 8 11 | 11.0
Earth Magic    | 1 6 7 8 |  8.0
Evocations     | 4 7 |  7.0
Fighting       | 4 |  4.9
Transmutations | |  1.0

Action                   |  1- 3 |  4- 6 |  7- 9 | 10-12 | 13-15 || total
-------------------------+-------+-------+-------+-------+-------++-------
Melee: Dagger            |     1 |    14 |    52 |   393 |  1087 ||  1547
       Bite              |       |     6 |    14 |   138 |   339 ||   497
 Cast: Sting             |    68 |    74 |   114 |   405 |   140 ||   801
       Foxfire           |       |    20 |   124 |    10 |       ||   154
       Shock             |       |       |       |    39 |     2 ||    41
       Mephitic Cloud    |       |       |       |    31 |    51 ||    82
       Borgnjor's Vile C |       |       |       |     7 |    71 ||    78
       Excruciating Woun |       |       |       |     7 |    35 ||    42
       Dispel Undead     |       |       |       |       |    31 ||    31
Evoke: Wand              |       |     1 |     6 |    16 |    21 ||    44
       Phial of floods   |       |       |       |       |     1 ||     1
  Use: Scroll            |       |       |     6 |    13 |    12 ||    31
       Potion            |       |       |       |       |     2 ||     2
 Stab: Sleeping          |       |     1 |     2 |     1 |     3 ||     7
       Confused          |       |       |       |    25 |    52 ||    77
       Distracted        |       |       |       |       |     1 ||     1
Armor: Robe              |     6 |    22 |    38 |   167 |   127 ||   360
       Troll leather arm |       |       |       |       |    70 ||    70
       Swamp dragon scal |       |       |       |       |    42 ||    42
Dodge: Dodged            |    23 |    53 |   126 |   364 |   743 ||  1309
Block: Buckler           |       |       |       |   118 |   232 ||   350
